[Event "GER-ch Youth U14W 2020"]
[Site "Willingen"]
[Date "2020.10.24"]
[Round "7.3"]
[White "Wagner, Margarethe"]
[Black "Zhou, Lepu Coco"]
[Result "1/2-1/2"]
[ECO "C88"]
[WhiteElo "1804"]
[BlackElo "1872"]
[Annotator "NA RC"]
[PlyCount "109"]
[EventDate "2020.10.20"]
[EventType "swiss"]
[EventRounds "7"]
[EventCountry "GER"]
[SourceTitle "playchess.com"]
[Source "ChessBase"]
[SourceQuality "1"]
[TimeControl "40/5400+30:1800+30"]

1. e4 e5 2. Nf3 Nc6 3. Bb5 a6 4. Ba4 Nf6 5. O-O Be7 6. Re1 b5 7. Bb3 O-O 8. a4 Bb7 9. d3 d6 10. c3 Na5 11. Bc2 c5 12. Nbd2 Re8 {[%emt 0:01:20] C88: Closed Ruy Lopez: Anti-Marshall Systems.} 13. Nf1 Bf8 14. Ng3 (14. axb5 $14 axb5 15. Bg5) 14... g6 15. h4 {[%emt 0:09:07] [#]} d5 $146 ({Predecessor:} 15... h5 16. Bg5 Be7 17. d4 Ng4 18. Qe2 c4 19. Rad1 Qb6 20. Qd2 f6 21. Be3 Rad8 {0-1 (41) Malar,P (2097)-Skapikova,L (1969) Piestany 2006}) 16. Bg5 h6 17. Bd2 dxe4 18. dxe4 Nc4 19. b3 Nxd2 20. Qxd2 Qxd2 21. Nxd2 Red8 22. Nf3 Ng4 23. c4 bxc4 24. bxc4 a5 25. Nf1 Ba6 26. N1d2 Rab8 27. Nb3 Bxc4 ({Better is} 27... Bd6 $11) 28. Nxa5 Rb2 (28... Rb4 $1 $14) 29. Nxc4 Rxc2 30. Ne3 Nxe3 31. Rxe3 c4 32. Nxe5 Bg7 33. f4 {[%emt 0:02:40] [#]} Rdd2 ({Better is} 33... g5 $1 $19 34. hxg5 (34. fxg5 Bxe5) 34... hxg5) 34. Rg3 g5 (34... Rf2 $17 35. Rf1 Rfe2 {[%mdl 64] Remove Defender}) 35. hxg5 hxg5 36. Rf1 gxf4 (36... c3 $11 37. Kh2 Re2) 37. Rxf4 Rc1+ 38. Kh2 Rdd1 39. Rgg4 Rh1+ 40. Kg3 Rc3+ 41. Kf2 Rc2+ {[%emt 0:30:15] [#]} ({Black should try} 41... Rcc1 $1 $14) 42. Kg3 (42. Ke3 $1 $16 Re1+ 43. Kd4) 42... Rg1 43. Kh2 Rcc1 44. Rxf7 Rh1+ 45. Kg3 Rc3+ {[%emt 0:00:00] [#]} 46. Kf2 $1 ({Weaker is} 46. Rf3 Rxf3+ 47. Nxf3 c3 $11) 46... Rh7 47. Rc7 Kf8 48. Rf7+ $2 ({White must play} 48. Rf4+ $18 Ke8 {[#]} 49. Rff7 $1 Bxe5 50. Rce7+ {[%mdl 64] Double Attack} Kd8 51. Rxh7 Bd4+ 52. Kf1) 48... Kg8 49. Rg6 (49. Rd7 $142 Kf8 50. Rf4+ Ke8 {[#]} 51. Rff7 $1 Bxe5 52. Rxh7) 49... Ra3 50. Ra7 Kf8 51. Rc6 Ra2+ 52. Kf3 Ra3+ 53. Ke2 Ra2+ 54. Kf3 Ra3+ 55. Ke2 1/2-1/2

[Event "GER-ch Youth U14W 2020"]
[Site "Willingen"]
[Date "2020.10.24"]
[Round "7.5"]
[White "Voigt, Anastasia"]
[Black "Buchholz, Maja"]
[Result "1-0"]
[ECO "C07"]
[WhiteElo "1562"]
[BlackElo "1628"]
[Annotator "NA RC"]
[PlyCount "127"]
[EventDate "2020.10.20"]
[EventType "swiss"]
[EventRounds "7"]
[EventCountry "GER"]
[SourceTitle "playchess.com"]
[Source "ChessBase"]
[SourceQuality "1"]
[TimeControl "40/5400+30:1800+30"]

1. e4 e6 2. d4 d5 3. Nd2 c5 4. exd5 Qxd5 5. Ngf3 cxd4 6. Bc4 Qd7 7. Nb3 Nc6 8. O-O a6 9. Nfxd4 Nxd4 10. Nxd4 Qc7 11. Bb3 Bd6 12. Nf3 Ne7 13. Bd2 O-O 14. c4 Ng6 15. Bc3 e5 16. h3 Re8 17. Nd2 Bc5 18. Ne4 Ba7 19. Qf3 Be6 20. Rac1 Bxc4 21. Bxc4 Qxc4 22. Nd6 Qf4 23. Nxe8 Qxf3 24. gxf3 Rxe8 25. Bd2 Bd4 26. Rc2 Nh4 27. f4 exf4 28. Bxf4 Nf3+ 29. Kg2 Nh4+ 30. Kh1 h6 31. Bg3 Nf3 32. b3 b6 33. Rfc1 Kh7 34. Rd1 Bc5 35. Bd6 Rd8 36. Rc3 Ne5 37. f4 Bxd6 38. fxe5 Bxe5 39. Rxd8 Bxc3 40. Rd6 b5 41. Rxa6 b4 42. a4 f6 43. a5 Kg6 44. Rc6 Kf5 45. a6 Bd4 46. Rc7 Ke4 47. a7 Bxa7 48. Rxa7 Kd3 49. Rxg7 Kc3 50. Rg3+ Kc2 51. Kg2 h5 52. Re3 f5 53. Kf3 Kd2 54. Kf4 h4 55. Re5 Kc3 56. Rxf5 Kxb3 57. Rb5 Kc4 58. Rb8 b3 59. Kg4 Kc3 60. Kxh4 b2 61. Kg4 Kc2 62. h4 b1=Q 63. Rxb1 Kxb1 64. h5 1-0

[Event "GER-ch Youth U14W 2020"]
[Site "Willingen"]
[Date "2020.10.24"]
[Round "7.6"]
[White "Hubert, Charlotte"]
[Black "Zöllner, Bente"]
[Result "1-0"]
[ECO "B33"]
[WhiteElo "1438"]
[BlackElo "1630"]
[Annotator "NA RC"]
[PlyCount "129"]
[EventDate "2020.10.20"]
[EventType "swiss"]
[EventRounds "7"]
[EventCountry "GER"]
[SourceTitle "playchess.com"]
[Source "ChessBase"]
[SourceQuality "1"]
[TimeControl "40/5400+30:1800+30"]

1. e4 c5 2. Nf3 Nc6 3. d4 cxd4 4. Nxd4 Nf6 5. Nc3 e5 6. Ndb5 d6 7. Bg5 a6 8. Na3 b5 9. Nd5 Be7 10. Bxf6 Bxf6 11. c3 Ne7 12. Nc2 Bb7 13. Be2 Nxd5 14. exd5 O-O 15. O-O Rc8 16. a4 bxa4 17. Rxa4 Qb6 18. Rb4 Qa7 19. Ne3 Rc5 20. Qb3 Rb8 21. Ra1 a5 22. Rb6 Bd8 23. Rb4 Bc7 24. Rb5 Bxd5 25. Rxb8+ Qxb8 26. Qxb8+ Bxb8 27. b4 Rxc3 28. Nxd5 Rc2 29. Bf1 Ba7 30. Ne3 Rc7 31. Rxa5 g6 32. b5 Bc5 33. Nd5 Rb7 34. b6 Rb8 35. Ra6 f5 36. Bb5 Kf7 37. Bc6 Bxb6 38. Rxb6 Rxb6 39. Nxb6 e4 40. Kf1 Ke6 41. Ke2 g5 42. Bd7+ Kf6 43. Nc4 d5 44. Ne3 f4 45. Nxd5+ Ke5 46. Nc3 Kd4 47. Nb1 h6 48. Nd2 e3 49. fxe3+ fxe3 50. Nf1 Ke4 51. Nxe3 Kf4 52. Bg4 Ke5 53. Kf3 Kf6 54. Ke4 Kg6 55. Bd7 Kf6 56. Be8 Ke7 57. Bh5 Kf6 58. Nf5 g4 59. Bxg4 Kg5 60. Nxh6 Kxh6 61. Kf5 Kg7 62. Kg5 Kh7 63. Bf5+ Kg7 64. h4 Kg8 65. Kf6 1-0

[Event "GER-ch Youth U14W 2020"]
[Site "Willingen"]
[Date "2020.10.24"]
[Round "7.7"]
[White "Wörz, Ann-Sophie"]
[Black "Fischer, Darja"]
[Result "1-0"]
[ECO "A20"]
[WhiteElo "1473"]
[BlackElo "1598"]
[Annotator "NA RC"]
[PlyCount "59"]
[EventDate "2020.10.20"]
[EventType "swiss"]
[EventRounds "7"]
[EventCountry "GER"]
[SourceTitle "playchess.com"]
[Source "ChessBase"]
[SourceQuality "1"]
[TimeControl "40/5400+30:1800+30"]

1. c4 e5 2. g3 Nf6 3. Bg2 d5 4. cxd5 Nxd5 5. Nc3 Nb6 6. Nf3 Nc6 7. a3 Be7 8. b4 a6 9. d3 Bg4 10. Be3 Nd5 11. Nxd5 Qxd5 12. Rc1 f6 13. Qc2 Bd7 14. O-O Qf7 15. d4 exd4 16. Nxd4 Nxd4 17. Bxd4 c6 18. Rfd1 O-O 19. Be4 f5 20. Bg2 Be6 21. Rd3 Rad8 22. Bb6 Rxd3 23. Qxd3 Bf6 24. Rd1 Re8 25. e3 Re7 26. Qd8+ Qe8 27. Bc5 Bb3 28. Bxe7 Kf7 29. Qxe8+ Kxe8 30. Bxf6 1-0

[Event "GER-ch Youth U14W 2020"]
[Site "Willingen"]
[Date "2020.10.24"]
[Round "7.8"]
[White "Roncea, Andrea-Alexandra"]
[Black "Schulz, Hannah"]
[Result "1-0"]
[ECO "B13"]
[WhiteElo "1644"]
[BlackElo "1589"]
[Annotator "NA RC"]
[PlyCount "93"]
[EventDate "2020.10.20"]
[EventType "swiss"]
[EventRounds "7"]
[EventCountry "GER"]
[SourceTitle "playchess.com"]
[Source "ChessBase"]
[SourceQuality "1"]
[TimeControl "40/5400+30:1800+30"]

1. e4 c6 2. d4 d5 3. exd5 cxd5 4. Bd3 Nc6 5. c3 Qc7 6. h3 e5 7. dxe5 Nxe5 8. Bb5+ Bd7 9. Bxd7+ Qxd7 10. Nf3 Ng6 11. Be3 Nf6 12. Nbd2 Bd6 13. Nd4 Nf4 14. Bxf4 Bxf4 15. N2b3 O-O 16. O-O Ne4 17. Qf3 Be5 18. Rad1 Nf6 19. Rd3 Rad8 20. Rfd1 Bxd4 21. Nxd4 Rfe8 22. Nc2 Re6 23. Ne3 Rd6 24. Nf5 Ra6 25. a3 g6 26. Ne3 Rd6 27. c4 d4 28. Nc2 Qc6 29. Qxc6 bxc6 30. Rxd4 Rxd4 31. Rxd4 Rb8 32. b4 Kg7 33. Rd6 c5 34. b5 Rc8 35. f3 Rc7 36. Ne3 Ne8 37. Rd8 Nf6 38. Nd5 Nxd5 39. Rxd5 Kf6 40. Kf2 Ke6 41. a4 a5 42. Rd8 Rb7 43. Ra8 Ke5 44. Ke3 Rd7 45. Rxa5 Rd4 46. b6 Rxc4 47. b7 1-0

[Event "GER-ch Youth U14W 2020"]
[Site "Willingen"]
[Date "2020.10.24"]
[Round "7.9"]
[White "Alferova, Emily"]
[Black "Ulrich, Helena Irene"]
[Result "1/2-1/2"]
[ECO "B24"]
[WhiteElo "1329"]
[BlackElo "1610"]
[Annotator "NA RC"]
[PlyCount "101"]
[EventDate "2020.10.20"]
[EventType "swiss"]
[EventRounds "7"]
[EventCountry "GER"]
[SourceTitle "playchess.com"]
[Source "ChessBase"]
[SourceQuality "1"]
[TimeControl "40/5400+30:1800+30"]

1. e4 c5 2. Nc3 Nc6 3. g3 g6 4. d3 Bg7 5. Be3 d6 6. Qd2 e6 7. Bg2 Nge7 8. f4 O-O 9. Nf3 Qb6 10. Rb1 d5 11. Ne2 Rd8 12. e5 d4 13. Bf2 Nd5 14. O-O Nce7 15. g4 Qc7 16. Bg3 Ne3 17. Rfc1 Nxg4 18. c3 dxc3 19. Qxc3 Qb6 20. Bh4 Bf8 21. Qxc5 Qxc5+ 22. Rxc5 Rxd3 23. Rbc1 Bd7 24. Rc7 Rc8 25. Bxe7 Rxc7 26. Rxc7 Bxe7 27. Rc3 Rd1+ 28. Bf1 Bc6 29. h3 Bxf3 30. Rxf3 Bc5+ 31. Kh1 Ne3 32. Ng3 h5 33. h4 Nxf1 34. Nxf1 Ra1 35. a3 Rb1 36. b4 Be7 37. Kg2 Bxh4 38. Kh3 Be7 39. Ng3 Rc1 40. Rd3 Rc7 41. Rd2 a5 42. bxa5 Bxa3 43. Rg2 Bb4 44. Nxh5 Kf8 45. Nf6 Bxa5 46. Ra2 b6 47. Kg4 Kg7 48. Rh2 Rc1 49. Rh7+ Kf8 50. Rh8+ Kg7 51. Rh7+ 1/2-1/2

[Event "GER-ch Youth U14W 2020"]
[Site "Willingen"]
[Date "2020.10.24"]
[Round "7.10"]
[White "Foos, Vanessa"]
[Black "Pikki, Daria"]
[Result "1-0"]
[ECO "C51"]
[WhiteElo "1328"]
[BlackElo "1545"]
[Annotator "NA RC"]
[PlyCount "97"]
[EventDate "2020.10.20"]
[EventType "swiss"]
[EventRounds "7"]
[EventCountry "GER"]
[SourceTitle "playchess.com"]
[Source "ChessBase"]
[SourceQuality "1"]
[TimeControl "40/5400+30:1800+30"]

1. e4 e5 2. Nf3 Nc6 3. Bc4 Bc5 4. b4 Bxb4 5. c3 Be7 6. d4 Na5 7. Nxe5 Nxc4 8. Nxc4 d5 9. exd5 Qxd5 10. Ne3 Qc6 11. O-O Bd7 12. Qb3 Nf6 13. Re1 O-O-O 14. Nd2 Be6 15. Qc2 Rhe8 16. Nf5 Bb4 17. Bb2 Ba5 18. Ne3 Rg8 19. Rec1 Nd5 20. Nxd5 Bxd5 21. Qf5+ Kb8 22. f3 g5 23. Ne4 g4 24. Nf6 gxf3 25. Nxg8 Rxg8 26. g3 f2+ 27. Kxf2 Rg6 28. Kg1 Bh1 29. Qf2 f5 30. c4 Bb6 31. c5 Ba5 32. Rc2 Be4 33. Re2 a6 34. Rc1 Qb5 35. Bc3 Bxc3 36. Rxc3 Qb1+ 37. Re1 Qb4 38. Rb3 Qa4 39. Qb2 Bd5 40. Rb4 Qc6 41. Re5 a5 42. Rb5 f4 43. Qe2 fxg3 44. Re8+ Ka7 45. Rxa5+ Qa6 46. Rxa6+ bxa6 47. Qb2 gxh2+ 48. Kxh2 Rh6+ 49. Kg3 1-0

[Event "GER-ch Youth U14W 2020"]
[Site "Willingen"]
[Date "2020.10.24"]
[Round "7.11"]
[White "Sinner, Joselyne"]
[Black "Cordes, Jule"]
[Result "1-0"]
[ECO "B20"]
[WhiteElo "1414"]
[BlackElo "1718"]
[Annotator "NA RC"]
[PlyCount "99"]
[EventDate "2020.10.20"]
[EventType "swiss"]
[EventRounds "7"]
[EventCountry "GER"]
[SourceTitle "playchess.com"]
[Source "ChessBase"]
[SourceQuality "1"]
[TimeControl "40/5400+30:1800+30"]

1. e4 c5 2. b3 e6 3. Bb2 Nc6 4. Nf3 Nf6 5. e5 Ng8 6. Nc3 Nh6 7. Ne4 Nf5 8. g3 d5 9. exd6 Bxd6 10. Bb5 O-O 11. Bxc6 bxc6 12. Nxd6 Qxd6 13. d3 Nd4 14. O-O e5 15. Nd2 Bh3 16. Re1 Qd5 17. f3 Rae8 18. c3 Nf5 19. Ne4 Nh6 20. Bc1 Rd8 21. Bxh6 f5 22. Ng5 Bg4 23. fxg4 gxh6 24. Nh3 f4 25. gxf4 exf4 26. Nf2 f3 27. Re3 Rf4 28. Re4 Rf6 29. Qe1 Rdf8 30. Re8 Rf4 31. Qe6+ Qxe6 32. Rxe6 R4f6 33. Rxf6 Rxf6 34. Ne4 Rg6 35. h3 h5 36. Kf2 hxg4 37. hxg4 Kf7 38. Kxf3 Ke7 39. Re1 Kd7 40. Nxc5+ Kd6 41. d4 Rf6+ 42. Ke4 Rf2 43. a4 Rf8 44. Kd3 Rf3+ 45. Re3 Rf4 46. Re6+ Kc7 47. Re7+ Kb8 48. Rxh7 Rxg4 49. Nd7+ Ka8 50. Ne5 1-0

[Event "GER-ch Youth U14W 2020"]
[Site "Willingen"]
[Date "2020.10.24"]
[Round "7.12"]
[White "Deák-Sala, Emília"]
[Black "Lorenz, Anouk"]
[Result "1-0"]
[ECO "B35"]
[WhiteElo "1641"]
[BlackElo "1504"]
[Annotator "NA RC"]
[PlyCount "39"]
[EventDate "2020.10.20"]
[EventType "swiss"]
[EventRounds "7"]
[EventCountry "GER"]
[SourceTitle "playchess.com"]
[Source "ChessBase"]
[SourceQuality "1"]
[TimeControl "40/5400+30:1800+30"]

1. e4 c5 2. Nf3 g6 3. d4 cxd4 4. Nxd4 Bg7 5. Be3 Nc6 6. Nc3 Nf6 7. Bc4 O-O 8. Bb3 d6 9. f3 e6 10. Qd2 Nxd4 11. Bxd4 b6 12. O-O-O Bb7 13. Be3 Ne8 14. h4 h5 15. g4 Nf6 16. Qh2 hxg4 17. Rxd6 Qb8 18. h5 g3 19. Qxg3 e5 20. Rxf6 1-0

[Event "GER-ch Youth U14W 2020"]
[Site "Willingen"]
[Date "2020.10.24"]
[Round "7.13"]
[White "Kanno, Clara Yumi"]
[Black "Lieberwirth, Nele"]
[Result "0-1"]
[ECO "C50"]
[WhiteElo "1127"]
[BlackElo "1366"]
[Annotator "NA RC"]
[PlyCount "122"]
[EventDate "2020.10.20"]
[EventType "swiss"]
[EventRounds "7"]
[EventCountry "GER"]
[SourceTitle "playchess.com"]
[Source "ChessBase"]
[SourceQuality "1"]
[TimeControl "40/5400+30:1800+30"]

1. e4 e5 2. Nf3 Nc6 3. Bc4 Nf6 4. d3 Bc5 5. c3 Qe7 6. Bb3 O-O 7. O-O d6 8. Re1 Bg4 9. Nbd2 Rfe8 10. Nf1 Rad8 11. h3 Be6 12. Bc2 Bb6 13. Ng3 d5 14. exd5 Bxd5 15. Qe2 Qd6 16. a3 a5 17. Bd2 Nd7 18. c4 Be6 19. Reb1 e4 20. Nxe4 Qe7 21. Qe1 Nd4 22. Nxd4 Bxd4 23. Bxa5 b6 24. Bc3 Bxc3 25. Qxc3 Bf5 26. Re1 Qh4 27. Re3 Re6 28. Rae1 Rg6 29. Ng3 Qg5 30. Re8+ Rxe8 31. Rxe8+ Nf8 32. d4 Qc1+ 33. Kh2 Qxc2 34. Qxc2 Bxc2 35. Rc8 Rd6 36. Rxc7 Rxd4 37. Rc8 g6 38. f3 Rd2 39. c5 bxc5 40. Rxc5 Ne6 41. Re5 Nf4 42. Ne4 Rxg2+ 43. Kh1 Bd1 44. Ng5 Rxb2 45. Re4 Nh5 46. Rd4 Rb1 47. Kg2 Rb2+ 48. Kg1 Be2 49. Re4 h6 50. Nxf7 Kxf7 51. Re3 Kf6 52. a4 Kf5 53. a5 Kf4 54. Ra3 Bxf3 55. Ra1 Rg2+ 56. Kf1 Ng3+ 57. Ke1 Rg1+ 58. Kf2 Rxa1 59. h4 Ra2+ 60. Ke1 Ke3 61. a6 Ra1# 0-1